 Dungeon Sprint DCSS version 0.32-a0-791-gfc315c9ecd (webtiles) character file.

Game seed: 779464218630363970

1337 wilfster70 the Cleaver (level 8, -7/81 HPs)
             Began as a Minotaur Berserker on Mar 20, 2024.
             Was a High Priest of Trog.
             Mangled by a catoblepas (17 damage)
             ... in the Dungeon (Sprint IX: "|||||||||||||||||||||||||||||").
             The game lasted 00:01:39 (273 turns).

wilfster70 the Cleaver (Minotaur Berserker)          Turns: 273, Time: 00:01:40

Health: -7/81      AC: 11    Str: 27    XL:     8   Next: 35%
Magic:  7/7        EV:  6    Int:  4    God:    Trog [*****.]
Gold:   0          SH:  0    Dex: 10    Spells: 7/7 levels left

rFire   . . .        a - +1 broad axe (heavy)
rCold   . . .        (no shield)
rNeg    . . .        k - +1 scale mail
rPois   .            (helmet restricted)
rElec   .            (no cloak)
rCorr   .            (no gloves)
SInv    .            (no boots)
Will    ++...        (no amulet) Stlth
                     l - +3 ring of strength
HPRegen 1.33/turn    m - +2 ring of protection
MPRegen 0.10/turn

%: no teleportation
@: petrifying (expiring), strong-willed, on berserk cooldown, regenerating,
slowed, very slow
A: horns 2, retaliatory headbutt
a: Renounce Religion, Berserk, Trog's Hand, Brothers in Arms


You were in the Dungeon.
You worshipped Trog.
Trog was extremely pleased with you.
You visited 1 branch

Inventory:

Hand Weapons
 a - a +1 heavy broad axe (weapon)
 b - a +2 scimitar of flaming
Armour
 k - a +1 scale mail (worn)
Jewellery
 l - a +3 ring of strength (left hand)
 m - a +2 ring of protection (right hand)
Wands
 j - a wand of iceblast (10)
Scrolls
 h - 2 scrolls of blinking
Potions
 c - 5 potions of curing
 d - a potion of invisibility
 e - a potion of haste
 f - 4 potions of magic
 g - a potion of berserk rage
 i - 2 potions of heal wounds


   Skills:
 + Level 10.6 Fighting
 * Level 14.3 Axes
 + Level 10.3 Armour
 + Level 9.4 Dodging


You had 7 spell levels left.
You didn't know any spells.
Your spell library was empty.

Dungeon Overview and Level Annotations

Branches:
Dungeon (1/1)

Altars:
Cheibriados
Dithmenos
Elyvilon
Fedhas
Gozag
Hepliaklqana
Kikubaaqudgha
Makhleb
Nemelex Xobeh
Okawaru
Qazlal
Ru
Sif Muna
Trog
Uskayaw
Vehumet
Wu Jian
Xom
Yredelemnul
Zin
The Shining One
Beogh
Jiyva
Lugonu


Innate Abilities, Weirdness & Mutations

You have a pair of horns on your head.
You reflexively headbutt those who attack you in melee.


Message History

The catoblepas breathes a plume of calcifying dust at you.
The blast of calcifying dust hits you but does no damage.
You are engulfed in calcifying dust.
The kobold demonologist miscasts a cantrip.
The catoblepas gores you!
You are engulfed in calcifying dust.
The catoblepas gores you! x2
You turn to flesh and can move again.
Your skin crawls.
You feel strong-willed. The catoblepas gores you.
The kobold demonologist gestures wildly while chanting.
The catoblepas gores you!
* * * LOW HITPOINT WARNING * * *
You're still recovering from your berserk rage.
You slice the catoblepas!!
You headbutt the catoblepas, but do no damage.
The catoblepas is moderately wounded.
The catoblepas breathes a plume of calcifying dust at you.
The blast of calcifying dust hits you but does no damage.
The catoblepas breathes a plume of calcifying dust at you.
The blast of calcifying dust hits you!
* * * LOW HITPOINT WARNING * * *
You hit the catoblepas.
The catoblepas is moderately wounded.
You are engulfed in calcifying dust.
You are slowing down.
The kobold demonologist looks braver for a moment.
The catoblepas barely misses you. You furiously retaliate!
You headbutt the catoblepas.
The catoblepas breathes a plume of calcifying dust at you.
The blast of calcifying dust hits you!
* * * LOW HITPOINT WARNING * * *
Your limbs are stiffening.
Unknown command.
You cut the catoblepas into ribbons!!! You headbutt the catoblepas.
The catoblepas is almost dead.
You are engulfed in calcifying dust.
Your limbs have turned to stone.
The kobold demonologist mumbles some strange words.
The catoblepas gores you!!
You die...

▓+▓
▓5▓
▓3▓
▓K▓
▓W▓
▓Y▓
▓@▓
▓'▓
▓.▓
▓§▓
▓.▓
▓§▓
▓.▓
▓)▓
▓'▓


You could see a catoblepas, a kobold demonologist, a ynoxinul (summoned), a
wraith and an iron imp (summoned).

Vanquished Creatures
  A centaur warrior (D)
  A manticore (D)
  A wraith (D)
  A phantom (D)
  A killer bee (D)
  3 howler monkeys (D)
  A bombardier beetle (D)
  An iguana (D)
  2 orc wizards (D)
  2 orcs (D)
  An endoplasm (D)
  A hobgoblin (D)
  A bat (D)
  A frilled lizard (D)
  A kobold (D)
19 creatures vanquished.

Notes
Turn   | Place    | Note
-------+----------+-------------------------------------------
     0 | D        | wilfster70 the Minotaur Berserker began the quest for the
                  | Orb.
     0 | D        | Reached XP level 1. HP: 19/19 MP: 0/0
    10 | D        | Reached skill level 4 in Axes
    11 | D        | Reached ** piety under Trog
    20 | D        | Noticed a bombardier beetle
    20 | D        | Noticed a phantom
    20 | D        | Noticed an iguana
    27 | D        | Killed an iguana
    28 | D        | Reached skill level 5 in Axes
    28 | D        | Reached XP level 2. HP: 28/28 MP: 1/1
    28 | D        | Reached XP level 3. HP: 35/35 MP: 2/2
    36 | D        | Killed a phantom
    36 | D        | Reached *** piety under Trog
    37 | D        | Reached skill level 7 in Axes
    37 | D        | Reached skill level 5 in Armour
    37 | D        | Reached XP level 4. HP: 44/44 MP: 3/3
    42 | D        | Reached skill level 8 in Axes
    42 | D        | Reached skill level 5 in Dodging
    42 | D        | Reached XP level 5. HP: 15/51 MP: 4/4
   147 | D        | Found a roughly hewn altar of Beogh.
   147 | D        | Found a snail-covered altar of Cheibriados.
   147 | D        | Found a shadowy altar of Dithmenos.
   147 | D        | Found a white marble altar of Elyvilon.
   147 | D        | Found a blossoming altar of Fedhas.
   147 | D        | Found an opulent altar of Gozag.
   148 | D        | Found a hazy altar of Hepliaklqana.
   149 | D        | Found a viscous altar of Jiyva.
   150 | D        | Found an ancient bone altar of Kikubaaqudgha.
   151 | D        | Found a corrupted altar of Lugonu.
   152 | D        | Found a burning altar of Makhleb.
   153 | D        | Found a sparkling altar of Nemelex Xobeh.
   154 | D        | Found an iron altar of Okawaru.
   155 | D        | Found a stormy altar of Qazlal.
   156 | D        | Found a sacrificial altar of Ru.
   157 | D        | Found a shimmering blue altar of Sif Muna.
   158 | D        | Found a bloodstained altar of Trog.
   159 | D        | Found a hide-covered altar of Uskayaw.
   160 | D        | Found a radiant altar of Vehumet.
   161 | D        | Found an ornate altar of the Wu Jian Council.
   162 | D        | Found a shimmering altar of Xom.
   163 | D        | Found a basalt altar of Yredelemnul.
   164 | D        | Found a glowing silver altar of Zin.
   165 | D        | Found a glowing golden altar of the Shining One.
   208 | D        | Reached skill level 9 in Axes
   208 | D        | Reached **** piety under Trog
   213 | D        | Reached skill level 10 in Axes
   225 | D        | Reached XP level 6. HP: 54/61 MP: 5/5
   225 | D        | Reached ***** piety under Trog
   250 | D        | Noticed a catoblepas
   250 | D        | Noticed a kobold demonologist
   250 | D        | Noticed a centaur warrior
   250 | D        | Noticed a manticore
   250 | D        | Noticed a wraith
   250 | D        | Noticed a wraith
   253 | D        | Killed a wraith
   254 | D        | Reached skill level 11 in Axes
   254 | D        | Noticed a chaos spawn
   256 | D        | Killed a manticore
   257 | D        | Reached skill level 13 in Axes
   257 | D        | Reached XP level 7. HP: 71/71 MP: 6/6
   260 | D        | Killed a centaur warrior
   261 | D        | Reached skill level 10 in Fighting
   261 | D        | Reached skill level 14 in Axes
   261 | D        | Reached skill level 10 in Armour
   261 | D        | Reached XP level 8. HP: 69/81 MP: 7/7
   273 | D        | Mangled by a catoblepas

Illustrated notes

Levels and vault maps discovered:
D:        linesprint [early_d, line_temple, items_1, d_10, items_2, lair_1,
          lair_end, items_3, orc_1, orc_end, items_4, d_15, swamp_1, shoals_1,
          snake_1, spider_1, d_20, vaults_1, items_5, swamp_end, shoals_end,
          snake_end, spider_end, vaults_end, d_27, items_6, zot_1, zot_end,
          crypt_end, forest_end, elf_end, slime_end, tomb_end, abyss_end,
          pan_hell_end]

Skill      XL: |  1  2  3  4  5  6  7 |
---------------+----------------------+-----
Axes           | 5 7 8 10 13 14 | 14.3
Fighting       | 4 6 7 9 10 | 10.6
Armour         | 4 5 7 9 10 | 10.3
Dodging        | 3 4 5 6 8 9 |  9.4

Action                     |  1- 3 |  4- 6 |  7- 9 || total
---------------------------+-------+-------+-------++-------
  Melee: Hand axe          |    24 |     6 |       ||    30
         Headbutt          |     2 |     6 |     2 ||    10
         Broad axe         |       |    21 |     6 ||    27
 Invoke: Trog's Hand       |     1 |     1 |     1 ||     3
         Berserk           |     1 |     1 |       ||     2
    Use: Potion            |       |     1 |       ||     1
   Stab: Petrified         |       |       |     1 ||     1
 Armour: Animal skin       |     7 |     2 |       ||     9
         Scale mail        |       |    28 |    23 ||    51
  Dodge: Dodged            |    10 |     9 |     3 ||    22

Table legend: (Time is in decaauts)
 A = Elapsed time spent in this place.
 B = Non-inter-level travel time spent in this place.
 C = Inter-level travel time spent in this place.
 D = Time resting spent in this place.
 E = Time spent auto-exploring this place.
 F = Levels seen in this place.
 G = Mean time per level.
                   A        B        C        D        E       F      G
               +--------+--------+--------+--------+--------+-----+--------+
         Total |    297 |    297 |      0 |    119 |      0 |   1 |  297.0 |
       Dungeon |    297 |    297 |      0 |    119 |      0 |   1 |  297.0 |
               +--------+--------+--------+--------+--------+-----+--------+

Top non-repeatable levels by time:
       D: 297 daAuts
